Map: Eternal Empire LE

Players

Trap - Winner!

  • Race: Protoss Protoss
  • League: Master
  • Spawn Location: 7:00

INnoVation

  • Race: Terran Terran
  • League: Master
  • Spawn Location: 1:00

Event: Shopify TSL 5

VOD

Have the link to the VOD?

Description

Time

  • Played on: June 7, 2020, 8:14 a.m.
  • Length: 14:38

All games in this series

Show
View Real Time Build Order
Export as new Build Order

Trap Protoss - Winner!

Build Orders: 1 Gate Expand, Phoenix Opening, Blink Stalkers, Colossus Rush 

Get SALT Encoding   

  12  0:00  Probe  
  13  0:12  Probe  
  14  0:17  Pylon  
  14  0:24  Probe (Chrono Boost)  
  15  0:36  Probe (Chrono Boost), Gateway  
  16  0:44  Probe (Chrono Boost)  
  16  0:46  Assimilator  
  17  0:51  Probe  
  18  1:03  Probe  
  19  1:15  Probe  
  20  1:23  Nexus  
  20  1:33  Cybernetics Core  
  20  1:37  Probe  
  21  1:43  Assimilator  
  21  1:49  Probe  
  21  1:53  Pylon  
  23  2:01  Probe  
  23  2:08  Adept (Chrono Boost)  
  23  2:10  Warp Gate  
  23  2:13  Probe  
  26  2:25  Probe  
  27  2:31  Sentry (Chrono Boost)  
  29  2:37  Twilight Council  
  29  2:38  Probe (Chrono Boost)  
  29  2:43  Probe (Chrono Boost)  
  31  2:47  Probe (Chrono Boost)  
  31  2:48  Stalker  
  31  2:51  Probe (Chrono Boost)  
  35  2:52  Probe (Chrono Boost)  
  36  3:01  Probe  
  36  3:02  Phoenix  
  36  3:04  Probe  
  38  3:10  Blink (Chrono Boost)  
  38  3:11  Gateway  
  38  3:14  Probe  
  38  3:16  Probe  
  40  3:21  Stalker  
  40  3:26  Probe  
  42  3:28  Probe  
  42  3:33  Pylon  
  43  3:38  Probe  
  43  3:40  Probe  
  45  3:45  Pylon  
  45  3:50  Probe  
  45  3:53  Probe  
  46  4:02  Robotics Facility  
  45  4:03  Probe  
  45  4:05  Probe, Stalker x2  
  51  4:14  Assimilator  
  51  4:15  Probe  
  53  4:17  Probe  
  53  4:18  Assimilator  
  53  4:27  Gateway  
  53  4:31  Pylon, Shield Battery  
  53  4:33  Stalker  
  53  4:34  Stalker  
  53  4:36  Probe  
  53  4:37  Probe  
  59  4:46  Pylon  
  59  4:48  Probe  
  59  4:49  Probe  
  59  4:50  Observer (Chrono Boost)  
  62  4:56  Robotics Bay  
  62  5:00  Stalker  
  62  5:01  Stalker  
  62  5:06  Observer (Chrono Boost)  
  66  5:08  Pylon  
  67  5:21  Pylon  
  67  5:24  Immortal (Chrono Boost)  
  71  5:28  Stalker  
  71  5:29  Stalker  
  71  5:30  Stalker  
  77  5:42  Nexus  
  77  5:46  Probe x2  
  79  5:53  Colossus (Chrono Boost)  
  85  6:12  Probe x2  
  85  6:14  Extended Thermal Lance  
  87  6:23  Forge  
  87  6:24  Forge, Probe x2 (Chrono Boost)  
  89  6:32  Charge  
  89  6:36  Probe x2 (Chrono Boost)  
  91  6:42  Probe x2 (Chrono Boost)  
  91  6:44  Pylon  
  93  6:50  Pylon  
  93  6:52  Protoss Ground Weapons Level 1 (Chrono Boost)  
  93  6:53  Protoss Ground Armor Level 1 (Chrono Boost), Colossus (Chrono Boost)  
  94  6:54  Probe x2 (Chrono Boost)  
  94  6:56  Probe (Chrono Boost)  
  102  7:04  Probe x2 (Chrono Boost)  
  102  7:06  Probe (Chrono Boost)  
  105  7:10  Nexus, Probe  
  105  7:11  Probe  
  107  7:18  Sentry x2  
  107  7:22  Pylon x2  
  111  7:30  Gateway  
  111  7:31  Gateway  
  111  7:34  Probe x2  
  111  7:35  Probe  
  114  7:41  Gateway, Warp Prism (Chrono Boost)  
  115  7:52  Probe x3  
  118  7:58  Gateway x2  
  118  8:01  Robotics Facility  
  118  8:02  Gateway  
  118  8:11  Probe x3, Robotics Facility  
  121  8:13  Warp Prism (Chrono Boost)  
  121  8:19  Pylon  
  123  8:20  Pylon  
  123  8:23  Photon Cannon  
  123  8:24  Photon Cannon  
  123  8:31  Stalker x4  
  131  8:39  Zealot x2  
  134  8:52  Protoss Ground Weapons Level 2 (Chrono Boost), Protoss Ground Armor Level 2 (Chrono Boost)  
  132  8:56  Stalker x2  
  132  8:58  Observer, Probe  
  132  8:59  Probe x3  
  136  9:05  Gravitic Boosters  
  136  9:13  Pylon  
  136  9:14  Immortal x2  
  136  9:15  Pylon  
  144  9:17  Photon Cannon  
  144  9:18  Observer  
  145  9:25  Nexus  
  145  9:27  Pylon  
  145  9:35  Zealot x3  
  145  9:36  Zealot  
  147  9:56  Zealot x5  
  147  9:57  Zealot x4  
  155  10:18  Zealot x9  
  145  10:31  Immortal (Chrono Boost)  
  145  10:33  Observer (Chrono Boost)  
  126  10:40  Immortal (Chrono Boost), Zealot x9  
  128  10:44  Probe  
  128  10:45  Probe x4  
  109  11:03  Stalker x8  
  115  11:04  Zealot  
  115  11:10  Zealot  
  113  11:11  Colossus (Chrono Boost)  
  113  11:28  Colossus (Chrono Boost)  
  113  11:29  Zealot x7  
  125  11:36  Stalker x2  
  125  11:38  Probe x4  
  127  11:52  Stalker x2  
  127  11:53  Zealot x5  
  137  12:00  Probe x5, Unknown  
  142  12:01  Immortal (Chrono Boost)  
  132  12:18  Gravitic Drive  
  132  12:22  Zealot x9  
  150  12:24  Probe x5  
  155  12:41  Warp Prism (Chrono Boost)  
  155  12:42  Immortal (Chrono Boost)  
  155  12:43  Immortal (Chrono Boost)  
  159  12:51  Zealot  
  159  12:52  Zealot x5  
  171  12:58  Observer  
  171  13:04  Stalker x3  
  175  13:06  Photon Cannon  
  175  13:09  Immortal (Chrono Boost)  
  175  13:11  Immortal (Chrono Boost)  
  186  13:20  Immortal (Chrono Boost)  
  162  13:31  Zealot  
  162  13:32  Stalker x6  
  152  13:38  Zealot x2  
  134  13:55  Stalker x7  
  140  14:01  Zealot x2  
  146  14:05  Gateway  
  146  14:06  Gateway x2  
  138  14:18  Stalker x7  
  140  14:24  Zealot x2  
Show
View Real Time Build Order
Export as new Build Order

INnoVation Terran 

Build Orders: Reaper Expand, Mech, Banshee Rush 

Get SALT Encoding   

  12  0:00  SCV  
  13  0:12  SCV  
  14  0:17  Supply Depot  
  14  0:24  SCV  
  15  0:38  SCV  
  15  0:40  Barracks  
  16  0:44  Refinery  
  16  0:50  SCV  
  17  1:02  SCV  
  18  1:14  SCV  
  19  1:27  Orbital Command, Reaper  
  20  1:47  Command Center  
  20  1:52  Supply Depot  
  20  1:53  SCV  
  21  1:59  Marine  
  22  2:05  SCV  
  23  2:09  Factory  
  23  2:15  Refinery  
  23  2:18  SCV  
  23  2:22  Barracks Reactor  
  24  2:30  SCV  
  25  2:42  SCV  
  26  2:54  SCV, Hellion, Starport  
  29  2:58  Marine x2  
  29  2:59  Orbital Command  
  31  3:06  SCV  
  32  3:14  Supply Depot  
  32  3:15  Factory Tech Lab  
  32  3:16  Marine x2  
  32  3:18  SCV  
  35  3:26  SCV  
  36  3:30  SCV  
  37  3:36  Cloaking Field, Banshee  
  37  3:38  SCV  
  41  3:42  Marine x2  
  41  3:43  SCV, Factory Tech Lab  
  44  3:55  SCV  
  44  3:56  SCV  
  44  4:02  Siege Tank  
  48  4:05  Supply Depot  
  48  4:08  SCV x2  
  50  4:10  Supply Depot  
  48  4:18  Command Center  
  48  4:20  Banshee  
  48  4:23  SCV x2  
  53  4:26  Bunker  
  53  4:29  Marine x2  
  55  4:35  SCV, Refinery  
  55  4:36  SCV  
  57  4:41  Siege Tank  
  60  4:46  Refinery  
  60  4:47  Supply Depot  
  60  4:50  SCV x2  
  60  4:52  Marine x2  
  64  5:02  SCV x2  
  64  5:06  Supply Depot  
  66  5:10  Marine x2  
  66  5:12  Raven  
  70  5:14  SCV  
  70  5:15  SCV  
  70  5:19  Supply Depot  
  72  5:25  Siege Tank  
  72  5:28  Marine x2  
  77  5:29  Supply Depot  
  77  5:30  SCV x2  
  77  5:33  Bunker, Orbital Command  
  79  5:42  SCV x2  
  80  5:45  Factory  
  80  5:49  Factory  
  81  5:50  Marine x2  
  81  5:55  SCV x2  
  85  6:06  Siege Tank  
  85  6:07  SCV x2  
  89  6:14  Orbital Command  
  89  6:19  SCV x2, Banshee  
  91  6:31  SCV x2  
  93  6:38  Refinery  
  93  6:41  Factory Tech Lab  
  93  6:43  SCV x2, Armory x2, Refinery  
  93  6:44  Hyperflight Rotors  
  93  6:45  Hellion x2  
  99  6:49  SCV  
  99  6:51  Supply Depot  
  99  6:53  Supply Depot  
  100  6:55  SCV x2  
  105  7:01  Siege Tank  
  105  7:02  Banshee  
  105  7:03  SCV  
  105  7:06  Engineering Bay  
  105  7:07  SCV  
  105  7:08  SCV, Supply Depot  
  111  7:11  Hellion x2  
  111  7:13  Siege Tank  
  111  7:15  Supply Depot  
  118  7:19  SCV  
  118  7:20  SCV x2  
  118  7:21  Supply Depot  
  121  7:30  Barracks Reactor  
  121  7:31  Terran Vehicle Weapons Level 1  
  121  7:32  Factory  
  121  7:34  SCV x3, Factory  
  121  7:36  Terran Vehicle And Ship Armor Level 1  
  124  7:40  Hellion x2  
  124  7:43  Infernal Pre-Igniter  
  128  7:45  Hellion x2  
  128  7:50  Banshee  
  133  7:55  Command Center  
  133  7:57  Mag-Field Accelerator  
  131  8:05  Missile Turret  
  130  8:07  Missile Turret  
  130  8:08  Missile Turret  
  130  8:10  Cyclone x2  
  130  8:11  Hellion x2  
  140  8:19  Factory Tech Lab  
  140  8:25  Missile Turret  
  140  8:32  Banshee  
  140  8:34  Supply Depot  
  143  8:35  Supply Depot  
  143  8:36  Hellion x4  
  151  8:44  Supply Depot  
  139  9:00  Cyclone x3  
  139  9:01  Hellion x4  
  156  9:07  Supply Depot  
  156  9:08  Missile Turret  
  156  9:10  Missile Turret  
  156  9:11  SCV x3  
  156  9:15  Banshee  
  162  9:26  Terran Vehicle Weapons Level 2  
  162  9:30  SCV x3  
  162  9:31  Terran Vehicle And Ship Armor Level 2  
  165  9:32  Cyclone x3, Hellion x3  
  165  9:34  Hellion  
  180  9:42  Planetary Fortress  
  180  9:45  SCV x3, Refinery x2  
  179  9:51  Missile Turret  
  173  9:58  SCV x3, Sensor Tower  
  173  9:59  Sensor Tower  
  175  10:00  Banshee  
  178  10:17  Cyclone x2  
  178  10:18  Cyclone, Hellion x4  
  189  10:22  SCV x3  
  169  10:30  SCV  
  169  10:34  SCV x2  
  113  10:45  SCV x2  
  113  10:46  SCV  
  113  10:47  Hellion x4  
  113  10:49  Cyclone, Banshee  
  121  10:50  Cyclone x2  
  121  10:54  SCV  
  115  10:57  SCV x2  
  109  11:09  Hellion x4  
  114  11:11  Smart Servos  
  114  11:14  SCV  
  114  11:15  SCV x2  
  116  11:22  Siege Tank x3  
  112  11:30  Hellion x3  
  112  11:32  Banshee  
  113  11:35  SCV x3  
  113  11:36  SCV  
  110  11:47  SCV  
  110  11:52  Hellbat x4  
  110  11:54  Siege Tank x3  
  117  11:59  SCV x3  
  111  12:06  SCV  
  110  12:11  SCV x2  
  110  12:15  Banshee  
  115  12:20  Hellion x2  
  115  12:21  Hellion x2  
  123  12:26  Siege Tank x2  
  123  12:27  SCV x3  
  130  12:35  Siege Tank  
  133  12:43  Hellion x2  
  133  12:44  Hellion x2  
  141  12:46  SCV x2  
  141  12:47  SCV x2  
  141  12:51  Hellion x4  
  145  12:58  Siege Tank x2  
  151  12:59  SCV x3  
  151  13:00  SCV  
  151  13:04  Sensor Tower  
  155  13:07  Cyclone  
  155  13:08  Hellion x4  
  155  13:10  Banshee  
  169  13:17  SCV x3  
  151  13:30  Cyclone x2  
  151  13:31  Hellion x4  
  151  13:32  SCV x2  
  151  13:33  SCV x2  
  136  13:40  Siege Tank  
  121  13:51  SCV x3  
  121  13:52  Hellion  
  121  13:53  Hellion x3  
  132  13:58  Factory x2  
  132  13:59  Factory  
  132  14:02  Siege Tank x2  
  141  14:03  SCV  
  141  14:04  SCV  
  141  14:07  Missile Turret  
Tags
 
Add a new tag
Caveats
  • Supply blocks, unpowered buildings, or Contaminate may cause inaccurate times.
  • Supply counts are checked every 10 seconds.